 Dungeon Crawl Stone Soup version 0.31-a0-187-gba352fbbf7 (webtiles) character file.

Game seed: 16161311434596657786

375 qw the Skirmisher (level 6, 0/32 (35) HPs)
             Began as a Deep Elf Hunter on June 22, 2023.
             Slain by a wight
             ... wielding a +2 trident of protection
              (10 damage)
             ... on level 4 of the Dungeon.
             The game lasted 00:01:19 (2890 turns).

qw the Skirmisher (Deep Elf Hunter)                 Turns: 2890, Time: 00:01:20

HP:   0/32 (35)     AC: 12    Str: 10    XL:     6   Next: 44%
MP:   23/23         EV: 11    Int: 14    God:
Gold: 59            SH:  0    Dex: 18    Spells: 5/5 levels left

rFire   . . .        Y - +0 shortbow
rCold   . . .        (shield currently unavailable)
rNeg    . . .        f - +0 ring mail
rPois   .            m - +2 helmet
rElec   .            (no cloak)
rCorr   .            (no gloves)
SInv    .            (no boots)
Will    .....        d
                       - Hermit's Pendant {Faith Invo=14 Evo=0 MP+5}
Stlth   +            k - +4 ring of protection
HPRegen 0.25/turn    (no ring)
MPRegen 0.18/turn

%: faith
@: drained
A: no striking features
a: no special abilities


You were on level 4 of the Dungeon.
You visited 1 branch of the dungeon, and saw 4 of its levels.

You collected 119 gold pieces.
You spent 60 gold pieces at shops.


   Skills:
 - Level 2.0 Fighting
 - Level 10.0 Ranged Weapons
 + Level 2.4 Dodging
 - Level 1.2 Stealth


You had 5 spell levels left.
You didn't know any spells.
Your spell library was empty.

Inventory:

Hand Weapons
 Y - a +0 shortbow (weapon)
Armour
 f - a +0 ring mail (worn)
 i - a +1 leather armour of fire resistance
 m - a +2 helmet (worn)
Jewellery
 d - the Hermit's Pendant (around neck) {Faith Invo=14 Evo=0 MP+5}
   (You found it on level 3 of the Dungeon)

   [amulet of faith]

   Invo=14: It sets your Invocations skill to 14.
   Evo=0: It sets your Evocations skill to 0.
   It allows you to gain divine favour quickly.
   MP:        It affects your magic capacity (+5).
 e - a ring of fire
 k - a +4 ring of protection (left hand)
 p - an amulet of reflection
Scrolls
 a - a scroll of identify
 b - 3 scrolls of teleportation
Potions
 c - a potion of enlightenment
 g - a potion of curing
 h - a potion of cancellation
 l - a potion of brilliance {unknown}
 q - a potion of lignification {unknown}

Dungeon Overview and Level Annotations

Branches:
Dungeon (4/15)
 Temple: D:4-7

Altars:
Vehumet

Shops:
D:2 ?


Message History

The wight hits you from afar with a +2 trident of protection!
You feel drained. The wight hits you but does no damage.
You shoot an arrow. The arrow hits the wight.
The wight is moderately damaged.
The wight hits you but does no damage. The wight barely misses you.
You shoot an arrow. The arrow hits the wight.
The wight is heavily damaged.
The wight hits you but does no damage. x2
You shoot an arrow. The arrow closely misses the wight.
The wight hits you but does no damage. The wight misses you.
You shoot an arrow. The arrow hits the wight.
The wight is severely damaged.
The ball python barely misses you. The ball python grabs you.
The ball python constricts you. The wight barely misses you.
The wight hits you with a +0 short sword.
You feel drained.
You shoot an arrow.
The arrow barely misses the ball python.
The ball python bites you but does no damage.
The ball python constricts you.
The ball python bites you but does no damage.
The ball python constricts you. The wight closely misses you.
The wight hits you but does no damage.
You shoot an arrow. The arrow hits the ball python.
You kill the ball python!
The wight hits you but does no damage.
The wight hits you with a +0 short sword.
You shoot an arrow.
The arrow hits the wight but does no damage.
The wight is severely damaged.
The wight misses you.
The wight hits you with a +0 short sword.
You feel drained.
You shoot an arrow.
The arrow hits the wight but does no damage.
The wight is severely damaged.
The wight barely misses you. The wight closely misses you.
You shoot an arrow. The arrow barely misses the wight.
The wight hits you from afar with a +2 trident of protection!
You die...

.# #.# ####..###...
.###.#####.........#
..........%##..#..#
.........<..#....####
.###.###.............
.###.##...<.......#
.....##...........#
.##..##.........%.###
................@.z.#
.####.###...#...#z[.....
## ### #.#######.......
#.# ....... #.# .......
## ### #.# .######
.####.###.## .#
...........# .#
.....###...#### .#
##########


You could see 2 wights.

Vanquished Creatures
  A black bear (D:3)
  3 hounds (D:4)
  An iguana (D:4)
  7 gnolls
  5 adders
  A worm (D:2)
  2 orcs
  2 ball pythons
  5 endoplasms (D:1)
  A giant cockroach (D:1)
  4 goblins
  5 hobgoblins
  6 jackals
  3 quokkas
  5 bats
  2 frilled lizards (D:1)
  4 kobolds
  6 rats
63 creatures vanquished.

Notes
Turn   | Place    | Note
-------+----------+-------------------------------------------
     0 | D:1      | qw the Deep Elf Hunter began the quest for the Orb.
     0 | D:1      | Reached XP level 1. HP: 12/12 MP: 3/3
     0 | D:1      | 0 ||| qw: Version: 0.3-a-9-g12657ce
     0 | D:1      | 0 ||| qw: Game counter: 1993
     0 | D:1      | 0 ||| qw: Always use a shield: true
     0 | D:1      | 0 ||| qw: God list: Okawaru
     0 | D:1      | 0 ||| qw: Allow faded altars: false
     0 | D:1      | 0 ||| qw: Do Orc after D:15 true
     0 | D:1      | 0 ||| qw: Do second Lair branch before Depths: true
     0 | D:1      | 0 ||| qw: Lair rune preference: random
     0 | D:1      | 0 ||| qw: Plans: Normal
     0 | D:1      | 0 ||| PLANNING D:1-11
   202 | D:1      | Reached skill level 6 in Ranged Weapons
   202 | D:1      | Reached XP level 2. HP: 16/16 MP: 4/4
   916 | D:1      | 916 ||| UPGRADING to +0 ring mail.
   926 | D:1      | 926 ||| DROPPING +0 leather armour.
   927 | D:1      | 927 ||| UPGRADING to +0 helmet.
   932 | D:1      | 932 ||| UPGRADING to +4 ring of protection.
   933 | D:1      | 933 ||| READING scroll labelled YSTIAR LORPH.
   934 | D:1      | 934 ||| READING scroll labelled GIXYRU VETOTT.
   935 | D:1      | 935 ||| READING scroll labelled RUUTAI HAMAPSA.
   936 | D:1      | 936 ||| DROPPING scroll of butterflies.
   963 | D:2      | Reached XP level 3. HP: 20/20 MP: 5/5
  1133 | D:2      | Reached skill level 7 in Ranged Weapons
  1442 | D:2      | Found Suaho's Magic Scroll Emporium.
  1451 | D:2      | 1451 ||| SHOPLISTING scroll of enchant armour (90 gold,
                  | have 83).
  1451 | D:2      | 1451 ||| BUYING scroll of identify (24 gold).
  1451 | D:2      | Bought a scroll of identify for 24 gold pieces
  1451 | D:2      | 1451 ||| BUYING scroll of teleportation (36 gold).
  1451 | D:2      | Bought a scroll of teleportation for 36 gold pieces
  1533 | D:2      | 1533 ||| READING scroll labelled WILODIMPIWN.
  1534 | D:2      | 1534 ||| READING 4 scrolls of identify.
  1534 | D:2      | 1534 ||| IDENTIFYING white potion
  1535 | D:2      | 1535 ||| READING 3 scrolls of identify.
  1535 | D:2      | 1535 ||| IDENTIFYING coppery potion
  1536 | D:2      | 1536 ||| READING 2 scrolls of identify.
  1536 | D:2      | 1536 ||| IDENTIFYING fuming emerald potion
  1537 | D:2      | 1537 ||| DROPPING potion of magic.
  1608 | D:3      | Found the Hermit's Pendant {Faith Invo=14 Evo=0 MP+5}
  1712 | D:3      | Reached XP level 4. HP: 25/25 MP: 6/6
  1745 | D:3      | Identified the +2 dagger of Muowidil {flame, Fly rF+ rCorr}
  2150 | D:3      | Reached skill level 8 in Ranged Weapons
  2150 | D:3      | 2150 ||| Stepping ~*~*~tactically~*~*~ (outnumbered).
  2166 | D:3      | Reached XP level 5. HP: 13/29 MP: 7/7
  2399 | D:3      | 2399 ||| UPGRADING to +2 helmet.
  2409 | D:3      | 2409 ||| DROPPING +0 helmet.
  2410 | D:3      | 2410 ||| UPGRADING to Hermit's Pendant {Faith Invo=14 Evo=0
                  | MP+5}.
  2498 | D:3      | 2498 ||| DROPPING amulet of guardian spirit.
  2499 | D:3      | 2499 ||| READING 2 scrolls labelled EQEMIY FORPHELU.
  2500 | D:3      | 2500 ||| READING scroll labelled ANGEWN ZAOSCH.
  2501 | D:3      | 2501 ||| DRINKING 2 murky cyan potions.
  2502 | D:3      | 2502 ||| READING 2 scrolls of identify.
  2502 | D:3      | 2502 ||| IDENTIFYING viscous ruby potion
  2503 | D:3      | 2503 ||| DROPPING scroll of noise.
  2504 | D:3      | 2504 ||| DROPPING potion of attraction.
  2622 | D:4      | Noticed a black bear
  2623 | D:4      | 2623 ||| PLANNING SEWER
  2630 | D:4      | 2630 ||| STAIRDANCE
  2637 | D:3      | Killed a black bear
  2638 | D:3      | Reached skill level 9 in Ranged Weapons
  2705 | D:4      | Reached XP level 6. HP: 35/35 MP: 18/18
  2714 | D:4      | Found a radiant altar of Vehumet.
  2850 | D:4      | Reached skill level 10 in Ranged Weapons
  2890 | D:4      | Slain by a wight

Levels and vault maps discovered:
D:1:      dpeg_arrival_rhombus, layout_basic
D:2:      layout_loops_ring, serial_shops, shop
D:3:      layout_loops_ring, minmay_misc_feat_pillars,
          dreamdust_princess_corridor
D:4:      layout_rooms, marbit_many_paths, gup_sewer_entry_bowl

Skill      XL: |  1  2  3  4  5  6 |
---------------+-------------------+-----
Ranged Weapons | 6 7 8 9 10 | 10.0
Fighting       | 2 |  2.0
Dodging        | |  2.4
Stealth        | |  1.2

Action                     |  1- 3 |  4- 6 || total
---------------------------+-------+-------++-------
   Fire: Shortbow          |   132 |   192 ||   324
    Use: Scroll            |     7 |     3 ||    10
         Potion            |       |     1 ||     1
 Armour: Leather armour    |     3 |       ||     3
         Ring mail         |    25 |    40 ||    65
  Dodge: Dodged            |    35 |    51 ||    86

Table legend:
 A = Non-vault XP
 B = Vault XP
 C = Vault XP percentage of total XP
 D = Non-vault monster count
 E = Vault monster count
 F = Vault count percentage of total count
                 A         B        C        D         E       F
            +---------+---------+-------+---------+---------+-------
      Total |     499 |      37 |   6.9 |      62 |       1 |   1.6
            +---------+---------+-------+---------+---------+-------
        D:1 |      34 |       0 |   0.0 |      20 |       0 |   0.0
        D:2 |      37 |       0 |   0.0 |      13 |       0 |   0.0
        D:3 |     259 |       0 |   0.0 |      22 |       0 |   0.0
        D:4 |     169 |      37 |  18.0 |       7 |       1 |  12.5
            +---------+---------+-------+---------+---------+-------
